 Dungeon Crawl Stone Soup version 0.28.0-45-g0d030f2227 (webtiles) character file.

Game seed: 170458500132067082

7 DemonSlayer the Firebug (level 1, 0/13 HPs)
             Began as a Demonspawn Fire Elementalist on Apr 4, 2022.
             Killed from afar by a dart slug (4 damage)
             ... with a slug dart
             ... on level 1 of the Dungeon.
             The game lasted 00:01:01 (514 turns).

DemonSlayer the Firebug (DsFE)                       Turns: 514, Time: 00:01:02

Health: 0/13       AC:  2    Str:  8    XL:     1   Next: 83%
Magic:  1/3        EV: 12    Int: 16    God:
Gold:   26         SH:  0    Dex: 13    Spells: 3/4 levels left

rFire   . . .      SeeInvis .   c - +0 whip
rCold   . . .      Faith    .   (no shield)
rNeg    . . .      Spirit   .   a - +0 robe
rPois   .          Reflect  .   (no helmet)
rElec   .          Harm     .   (no cloak)
rCorr   .          Rampage  .   (no gloves)
Will    .....                   (no boots)
Stlth   ++........              (no amulet)
HPRegen 0.04/turn               b - ring of wizardry
MPRegen 0.08/turn               (no ring)

@: no status effects
A: no striking features
a: no special abilities


You were on level 1 of the Dungeon.
You visited 1 branch of the dungeon, and saw 1 of its levels.

You collected 26 gold pieces.

Inventory:

Hand Weapons
 c - a +0 whip (weapon)
Armour
 a - a +0 robe (worn)
Jewellery
 b - a ring of wizardry (left hand)
Potions
 d - a potion of invisibility {unknown}


   Skills:
 + Level 1.8 Dodging
 + Level 1.8 Stealth
 + Level 2.1 Spellcasting
 + Level 1.0 Conjurations
 + Level 3.0 Fire Magic


You had 3 spell levels left.
You knew the following spells:

 Your Spells              Type           Power      Damage    Failure   Level
a - Foxfire               Conj/Fire      32%        2x1d5     3%          1

Your spell library contained the following spells:

 Spells                   Type           Power      Damage    Failure   Level
 Scorch                   Fire           22%        2d6       3%          2
 Shock                    Conj/Air       12%        1d3       7%          1
 Conjure Flame            Conj/Fire      8%         6-21      11%         3
 Inner Flame              Hex/Fire       6%         N/A       13%         3
 Swiftness                Air            1%         N/A       24%         3
 Flame Wave               Conj/Fire      8%         2d5       32%         4
 Airstrike                Air            0%         N/A       58%         4


Dungeon Overview and Level Annotations

Branches:
Dungeon (1/15)

Altars:


Message History

A ball python comes into view.
A ball python comes into view.
Found a bubbling cyan potion.
You conjure some foxfire!
You conjure some foxfire!
The hobgoblin shouts!
The ball python hisses angrily. x2
You conjure some foxfire!
The foxfire hits the ball python.
You kill the ball python!
The foxfire hits the ball python.
The ball python is heavily wounded.
The foxfire hits the ball python.
You kill the ball python!
A dart slug comes into view.
The foxfire hits the hobgoblin.
The hobgoblin is moderately wounded.
The foxfire hits the hobgoblin.
The hobgoblin is severely wounded.
You miscast Foxfire.
You are very lightly contaminated with residual magic.
Nothing appears to happen.
The hobgoblin hits you.
You barely miss the hobgoblin. The hobgoblin hits you.
You are too injured to fight recklessly!
You are too injured to fight recklessly!
You are too injured to fight recklessly!
You hit the hobgoblin.
The hobgoblin is severely wounded.
The hobgoblin hits you but does no damage.
You hit the hobgoblin.
You kill the hobgoblin!
Your magical contamination has completely faded away.
Your Fire Magic skill increases to level 3!
The dart slug bites you.
You hit the dart slug but do no damage. The dart slug closely misses you.
You hit the dart slug but do no damage. You completely miss the dart slug.
The dart slug bites you.
You hit the dart slug but do no damage. The dart slug launches a dart at you.
The slug dart hits you.
You die...

########### #.##
##.........####...
##.....#...........
#........##.######.
#................#.
#........##.##.....
##.....#.##........
#....##.##..#####.
#@#.###.##..#####.
#w#.###.##..##....
#.#.........##....
#.########..##....
#.########..##....
#..##.............
##.##.####........
#.# #..##.... #.#
## #..###...


You could see a dart slug.

Vanquished Creatures
  2 ball pythons (D:1)
  A hobgoblin (D:1)
  A quokka (D:1)
  A bat (D:1)
  A frilled lizard (D:1)
6 creatures vanquished.

Vanquished Creatures (others)
  18 foxfires (D:1)
18 creatures vanquished.

Grand Total: 24 creatures vanquished

Notes
Turn   | Place    | Note
-------+----------+-------------------------------------------
     0 | D:1      | DemonSlayer the Demonspawn Fire Elementalist began the
                  | quest for the Orb.
     0 | D:1      | Reached XP level 1. HP: 13/13 MP: 3/3
   510 | D:1      | Reached skill level 3 in Fire Magic
   514 | D:1      | Killed from afar by a dart slug

Illustrated notes

Levels and vault maps discovered:
D:1:      minmay_arrival_doors, layout_loops_ring

Skill      XL: |  1 |
---------------+----+-----
Fire Magic     | 3 |  3.0
Dodging        | |  1.8
Stealth        | |  1.8
Spellcasting   | |  2.1
Conjurations   | |  1.0

Action                   || total
-------------------------++-------
Melee: Whip              ||     7
 Cast: Foxfire           ||    13
Armor: Robe              ||     1
Dodge: Dodged            ||     1
